| TOP OF THE 1ST |
|
San Jose Missions batting - Pitching for Phoenix Giants : RHP Hal Dues
|
|
Pitching: RHP Hal Dues
|
|
|
Batting: SHB Curt Bryan
|
0-0: Called Strike 0-1: Called Strike 0-2: Reached on error, E6 (Popup, 6, EV 61.9 MPH)
|
|
Batting: RHB Vance Law
|
0-0: Ball 1-0: Called Strike 1-1: Called Strike Curt Bryan steals 2nd base 1-2: Foul Ball, location: 2F 1-2: Fly out, F8 (Flyball, 8RXD, EV 88.8 MPH) Runner from 2nd tags up, SAFE at 3rd, no throw by CF
|
|
Batting: SHB Bip Roberts
|
0-0: Ball 1-0: Called Strike 1-1: Swinging Strike 1-2: Foul Ball, location: 2F 1-2: Ball 2-2: Ball Wild Pitch! Curt Bryan scores 3-2: Foul Ball, location: 2F 3-2: Base on Balls
|
|
Batting: LHB Marvell Wynne
|
0-0: Ball 1-0: Ball 2-0: SINGLE (Groundball, 4M, EV 91.9 MPH) (infield hit) Bip Roberts to second
|
|
Batting: RHB Ozzie Virgil
|
0-0: Called Strike 0-1: Ball 1-1: Foul Ball, location: 2F 1-2: Strikes out swinging
|
|
Batting: SHB David Piller
|
0-0: Ball 1-0: Foul Ball, location: 2F 1-1: Called Strike 1-2: Fielders Choice at 2nd, 6-4 (Groundball, 6, EV 105.6 MPH)
|
| Top of the 1st over - 1 run, 1 hit, 1 error, 2 left on base; San Jose 1 - Phoenix 0 |
| BOTTOM OF THE 1ST |
|
Phoenix Giants batting - Pitching for San Jose Missions : LHP Thomas Biko
|
|
Pitching: LHP Thomas Biko
|
|
|
Batting: LHB Bobby V Mitchell
|
0-0: Foul Ball, location: 2F 0-1: Ball 1-1: Ball 2-1: Fly out, F7 (Line Drive, 7, EV 91.9 MPH)
|
|
Batting: LHB Gordon Hahn
|
0-0: Swinging Strike 0-1: Ball 1-1: Ball 2-1: SOLO HOME RUN (Line Drive, 9LD, EV 102.5 MPH), Distance : 356 ft
|
|
Batting: LHB Ernie Riles
|
0-0: Called Strike 0-1: Ball 1-1: Ball 2-1: Swinging Strike 2-2: Ground out 6-3 (Groundball, 4M, EV 83.8 MPH)
|
|
Batting: SHB John Macauley
|
0-0: Ground out U3 (Groundball, 34, EV 86.3 MPH)
|
| Bottom of the 1st over - 1 run, 1 hit, 0 errors, 0 left on base; San Jose 1 - Phoenix 1 |
| TOP OF THE 2ND |
|
San Jose Missions batting - Pitching for Phoenix Giants : RHP Hal Dues
|
|
Batting: LHB Steven Michael
|
0-0: Ball 1-0: Foul Ball, location: 2F 1-1: Foul Ball, location: 2F 1-2: SINGLE (Groundball, 4S, EV 64.4 MPH) (infield hit)
|
|
Batting: RHB Pablo Cardiel
|
0-0: Ball 1-0: Swinging Strike 1-1: Ball 2-1: Fly out, F8 (Flyball, 8RXD, EV 86.9 MPH) Runner from 1st tags up, SAFE at 2nd
|
|
Batting: LHB Jesus Valerio
|
0-0: Ground out 4-3 (Groundball, 4S, EV 83.1 MPH) Steven Michael to third
|
|
Batting: SHB Curt Bryan
|
0-0: Ball 1-0: Ball 2-0: Foul Ball, location: 2F 2-1: Ball 3-1: Base on Balls
|
|
Batting: RHB Vance Law
|
0-0: SINGLE (Line Drive, 8RS, EV 95.0 MPH) Steven Michael scores Curt Bryan to second Runner from 2nd tries for 3rd, SAFE, no throw by CF
|
|
Batting: SHB Bip Roberts
|
0-0: Called Strike 0-1: Foul Ball, location: 2F 0-2: SINGLE (Line Drive, 89M, EV 106.9 MPH) Curt Bryan scores Vance Law to second Runner from 2nd tries for 3rd, SAFE, no throw by RF
|
|
Batting: LHB Marvell Wynne
|
0-0: Ball 1-0: Swinging Strike 1-1: Ball 2-1: SINGLE (Groundball, 34D, EV 94.4 MPH) Vance Law scores Bip Roberts to second Runner from 2nd tries for 3rd, SAFE, no throw by RF
|
|
Batting: RHB Ozzie Virgil
|
0-0: Called Strike 0-1: Called Strike 0-2: Fly out, F7 (Flyball, 78M, EV 90.6 MPH)
|
| Top of the 2nd over - 3 runs, 4 hits, 0 errors, 2 left on base; San Jose 4 - Phoenix 1 |
| BOTTOM OF THE 2ND |
|
Phoenix Giants batting - Pitching for San Jose Missions : LHP Thomas Biko
|
|
Batting: RHB Paul Zuvella
|
0-0: Ball 1-0: Ball 2-0: Foul Ball, location: 2F 2-1: Fly out, F9 (Line Drive, 9D, EV 93.8 MPH)
|
|
Batting: LHB Joseph Bruno
|
0-0: Ball 1-0: Ball 2-0: Foul Ball, location: 2F 2-1: Ball 3-1: Swinging Strike 3-2: Strikes out swinging
|
|
Batting: RHB Adam Veldman
|
0-0: Called Strike 0-1: Called Strike 0-2: Strikes out looking
|
| Bottom of the 2nd over - 0 runs, 0 hits, 0 errors, 0 left on base; San Jose 4 - Phoenix 1 |
| TOP OF THE 3RD |
|
San Jose Missions batting - Pitching for Phoenix Giants : RHP Hal Dues
|
|
Batting: SHB David Piller
|
0-0: Ball 1-0: Ball 2-0: SINGLE (Groundball, 56D, EV 99.4 MPH)
|
|
Batting: LHB Steven Michael
|
0-0: Swinging Strike 0-1: Ball 1-1: Ball 2-1: Called Strike David Piller steals 2nd base 2-2: Ground out 3-1 (Groundball, 34S, EV 91.9 MPH) David Piller to third
|
|
Batting: RHB Pablo Cardiel
|
0-0: Called Strike 0-1: Ball 1-1: SINGLE (Groundball, 56D, EV 103.8 MPH) David Piller scores
|
|
Batting: LHB Jesus Valerio
|
0-0: Called Strike 0-1: Ball 1-1: Called Strike 1-2: Foul Ball, location: 2F 1-2: Fly out, F7 (Flyball, 78M, EV 85.0 MPH)
|
|
Batting: SHB Curt Bryan
|
0-0: Ball 1-0: Ball 2-0: Ball 3-0: Base on Balls Pablo Cardiel to second
|
|
Batting: RHB Vance Law
|
0-0: Ball 1-0: Foul Ball, location: 2F 1-1: Ball 2-1: Foul Ball, location: 2F 2-2: Fly out, F8 (Line Drive, 8RD, EV 98.1 MPH)
|
| Top of the 3rd over - 1 run, 2 hits, 0 errors, 2 left on base; San Jose 5 - Phoenix 1 |
| BOTTOM OF THE 3RD |
|
Phoenix Giants batting - Pitching for San Jose Missions : LHP Thomas Biko
|
|
Batting: SHB Razor Shines
|
0-0: Foul Ball, location: 2F 0-1: Ball 1-1: Fly out, F8 (Line Drive, 8LM, EV 88.1 MPH)
|
|
Batting: LHB Frank Gill
|
0-0: Ball 1-0: Ball 2-0: Called Strike 2-1: Foul Ball, location: 2F 2-2: Reached on error, E5 (Groundball, 56, EV 104.4 MPH)
|
|
Batting: LHB Bobby V Mitchell
|
0-0: Called Strike 0-1: Ball 1-1: Ball 2-1: Called Strike 2-2: DOUBLE (Line Drive, 3D, EV 99.4 MPH) Frank Gill to third Runner from 3rd tries for Home, SAFE, throw by RF to trailing runner, OUT at third! 9-3-5
|
|
Batting: LHB Gordon Hahn
|
0-0: Called Strike 0-1: Ground out 5-3 (Groundball, 56S, EV 65.0 MPH)
|
| Bottom of the 3rd over - 1 run, 1 hit, 1 error, 0 left on base; San Jose 5 - Phoenix 2 |
| TOP OF THE 4TH |
|
San Jose Missions batting - Pitching for Phoenix Giants : RHP Hal Dues
|
|
Batting: SHB Bip Roberts
|
0-0: Ball 1-0: Ball 2-0: Ball 3-0: Base on Balls
|
|
Batting: LHB Marvell Wynne
|
0-0: Called Strike 0-1: Ball 1-1: Ball 2-1: Fielders Choice at 2nd, 6-4 (Groundball, 6, EV 87.5 MPH)
|
|
Batting: RHB Ozzie Virgil
|
0-0: Ball 1-0: Ball 2-0: Called Strike 2-1: Ball 3-1: Grounds into double play, 6-4-3 (Groundball, 6, EV 105.0 MPH)
|
| Top of the 4th over - 0 runs, 0 hits, 0 errors, 0 left on base; San Jose 5 - Phoenix 2 |
| BOTTOM OF THE 4TH |
|
Phoenix Giants batting - Pitching for San Jose Missions : LHP Thomas Biko
|
|
Batting: LHB Ernie Riles
|
0-0: Ball 1-0: Foul Ball, location: 2F 1-1: Ball 2-1: SOLO HOME RUN (Flyball, 9LD, EV 106.9 MPH), Distance : 348 ft
|
|
Batting: SHB John Macauley
|
0-0: Called Strike 0-1: Foul Ball, location: 2F 0-2: Ball 1-2: Ball 2-2: Foul Ball, location: 2F 2-2: Ground out 5-3 (Groundball, 5, EV 106.9 MPH)
|
|
Batting: RHB Paul Zuvella
|
0-0: Called Strike 0-1: Called Strike 0-2: Ball 1-2: SINGLE (Groundball, 34D, EV 94.4 MPH)
|
|
Batting: LHB Joseph Bruno
|
0-0: Called Strike 0-1: Swinging Strike 0-2: Strikes out swinging
|
|
Batting: RHB Adam Veldman
|
0-0: Foul Ball, location: 2F 0-1: SINGLE (Groundball, 6MD, EV 108.1 MPH) Paul Zuvella to second Runner from 2nd tries for 3rd, SAFE, no throw by CF
|
|
Batting: SHB Razor Shines
|
0-0: Foul Ball, location: 2F 0-1: Ball 1-1: SINGLE (Line Drive, 56, EV 106.3 MPH) Paul Zuvella scores Adam Veldman to second
|
|
Batting: LHB Frank Gill
|
0-0: Called Strike 0-1: Ball 1-1: Called Strike 1-2: Fielders Choice at 2nd, U4 (Groundball, 4M, EV 101.3 MPH)
|
| Bottom of the 4th over - 2 runs, 4 hits, 0 errors, 2 left on base; San Jose 5 - Phoenix 4 |
| TOP OF THE 5TH |
|
San Jose Missions batting - Pitching for Phoenix Giants : RHP Hal Dues
|
|
Batting: SHB David Piller
|
0-0: Ball 1-0: Ball 2-0: Fly out, F6 (Popup, 6, EV 68.8 MPH)
|
|
Batting: LHB Steven Michael
|
0-0: Ball 1-0: Called Strike 1-1: Ball 2-1: Foul Ball, location: 2F 2-2: Strikes out swinging
|
|
Batting: RHB Pablo Cardiel
|
0-0: Called Strike 0-1: Ball 1-1: Ball 2-1: Fly out, F4 (Popup, 34, EV 61.9 MPH)
|
| Top of the 5th over - 0 runs, 0 hits, 0 errors, 0 left on base; San Jose 5 - Phoenix 4 |
| BOTTOM OF THE 5TH |
|
Phoenix Giants batting - Pitching for San Jose Missions : LHP Thomas Biko
|
|
Batting: LHB Bobby V Mitchell
|
0-0: SINGLE (Flyball, 34D, EV 89.4 MPH)
|
|
Batting: LHB Gordon Hahn
|
0-0: Ball 1-0: Swinging Strike 1-1: Swinging Strike 1-2: Strikes out swinging
|
|
Batting: LHB Ernie Riles
|
0-0: Ball Bobby V Mitchell is caught stealing 2nd base 2-6 1-0: Ball 2-0: Ground out 5-3 (Groundball, 5L, EV 81.9 MPH)
|
| Bottom of the 5th over - 0 runs, 1 hit, 0 errors, 0 left on base; San Jose 5 - Phoenix 4 |
| TOP OF THE 6TH |
|
San Jose Missions batting - Pitching for Phoenix Giants : RHP Hal Dues
|
|
Pitching: LHP Robert Blake
|
|
|
Batting: LHB Jesus Valerio
|
0-0: SOLO HOME RUN (Flyball, 9D, EV 88.8 MPH), Distance : 390 ft
|
|
Batting: SHB Curt Bryan
|
0-0: Called Strike 0-1: Foul Ball, location: 2F 0-2: Foul Ball, location: 2F 0-2: Ball 1-2: Foul Ball, location: 2F 1-2: Foul Ball, location: 2F 1-2: Ball 2-2: Fly out, F7 (Flyball, 78S, EV 88.1 MPH)
|
|
Batting: RHB Vance Law
|
0-0: Called Strike 0-1: Foul Ball, location: 2F 0-2: Foul Ball, location: 2F 0-2: Ball 1-2: Ball 2-2: Strikes out swinging
|
|
Batting: SHB Bip Roberts
|
0-0: Called Strike 0-1: Called Strike 0-2: Strikes out swinging
|
| Top of the 6th over - 1 run, 1 hit, 0 errors, 0 left on base; San Jose 6 - Phoenix 4 |
| BOTTOM OF THE 6TH |
|
Phoenix Giants batting - Pitching for San Jose Missions : LHP Thomas Biko
|
|
Batting: SHB John Macauley
|
0-0: Ball 1-0: Ball 2-0: Foul Ball, location: 2F 2-1: Ground out U3 (Groundball, 3, EV 106.3 MPH)
|
|
Batting: RHB Paul Zuvella
|
0-0: Hit by Pitch
|
|
Batting: LHB Joseph Bruno
|
0-0: Swinging Strike 0-1: Ball 1-1: Ball 2-1: Ball 3-1: SINGLE (Line Drive, 8LS, EV 95.6 MPH) Paul Zuvella to second Runner from 2nd tries for 3rd, SAFE, throw by CF made to third
|
|
Batting: RHB Adam Veldman
|
0-0: Called Strike 0-1: Called Strike 0-2: Ball 1-2: Fly out, F7 (Flyball, 78M, EV 93.8 MPH)
|
|
Batting: SHB Razor Shines
|
0-0: Ball 1-0: Ball 2-0: Foul Ball, location: 2F 2-1: Fly out, F8 (Line Drive, 8LM, EV 94.4 MPH)
|
| Bottom of the 6th over - 0 runs, 1 hit, 0 errors, 2 left on base; San Jose 6 - Phoenix 4 |
| TOP OF THE 7TH |
|
San Jose Missions batting - Pitching for Phoenix Giants : LHP Robert Blake
|
|
Batting: LHB Marvell Wynne
|
0-0: Fly out, F7 (Line Drive, 7S, EV 93.8 MPH)
|
|
Batting: RHB Ozzie Virgil
|
0-0: Called Strike 0-1: Foul Ball, location: 2F 0-2: Strikes out swinging
|
|
Batting: SHB David Piller
|
0-0: Ball 1-0: Ball 2-0: Ball 3-0: Base on Balls
|
|
Batting: LHB Steven Michael
|
0-0: Swinging Strike 0-1: SINGLE (Groundball, 4MD, EV 96.9 MPH) David Piller to second Runner from 2nd tries for 3rd, SAFE, throw by CF made to third
|
|
Batting: RHB Pablo Cardiel
|
0-0: Fly out, F5 (Popup, 56S, EV 80.0 MPH)
|
| Top of the 7th over - 0 runs, 1 hit, 0 errors, 2 left on base; San Jose 6 - Phoenix 4 |
| BOTTOM OF THE 7TH |
|
Phoenix Giants batting - Pitching for San Jose Missions : LHP Thomas Biko
|
|
Batting: LHB Frank Gill
|
0-0: Ball 1-0: Ball 2-0: Ball 3-0: Reached on error, E4 (Groundball, 4, EV 78.8 MPH)
|
|
Batting: LHB Bobby V Mitchell
|
0-0: Ball 1-0: Swinging Strike 1-1: Foul Ball, location: 2F 1-2: Ball 2-2: SINGLE (Groundball, 34D, EV 105.6 MPH) Frank Gill to second Runner from 2nd tries for 3rd, SAFE, no throw by RF
|
|
Batting: LHB Gordon Hahn
|
0-0: Called Strike 0-1: Fielders Choice at 2nd, 6-4 (Groundball, 6, EV 109.4 MPH) Frank Gill scores
|
|
Batting: LHB Ernie Riles
|
Pickoff Throw to First - Error! E1 Gordon Hahn to second 0-0: Called Strike 0-1: Foul Ball, location: 2F 0-2: Strikes out swinging, 2-3 out at first.
|
|
Batting: SHB John Macauley
|
0-0: Ball 1-0: Ball 2-0: Foul Ball, location: 2F 2-1: Fly out, F9 (Flyball, 89S, EV 86.9 MPH)
|
| Bottom of the 7th over - 1 run, 1 hit, 2 errors, 1 left on base; San Jose 6 - Phoenix 5 |
| TOP OF THE 8TH |
|
San Jose Missions batting - Pitching for Phoenix Giants : LHP Robert Blake
|
|
Batting: LHB Jesus Valerio
|
0-0: Called Strike 0-1: Ball 1-1: Ground out 4-3 (Groundball, 4, EV 91.9 MPH)
|
|
Batting: SHB Curt Bryan
|
0-0: Ball 1-0: Fly out, F3 (Popup, 3, EV 74.4 MPH)
|
|
Batting: RHB Vance Law
|
0-0: Swinging Strike 0-1: Ball 1-1: Foul Ball, location: 2F 1-2: Foul Ball, location: 2F 1-2: Foul Ball, location: 2F 1-2: Ground out U3 (Groundball, 3L, EV 86.3 MPH)
|
| Top of the 8th over - 0 runs, 0 hits, 0 errors, 0 left on base; San Jose 6 - Phoenix 5 |
| BOTTOM OF THE 8TH |
|
Phoenix Giants batting - Pitching for San Jose Missions : LHP Thomas Biko
|
|
Pitching: RHP Kenneth Palmer
|
|
|
Batting: RHB Paul Zuvella
|
0-0: Ball 1-0: Ground out 4-3 (Groundball, 4, EV 100.6 MPH)
|
|
Batting: LHB Joseph Bruno
|
0-0: Called Strike 0-1: Ball 1-1: Ball 2-1: Foul Ball, location: 2F 2-2: Strikes out looking
|
|
Batting: RHB Adam Veldman
|
0-0: Ball 1-0: Ground out 5-3 (Groundball, 5, EV 91.3 MPH)
|
| Bottom of the 8th over - 0 runs, 0 hits, 0 errors, 0 left on base; San Jose 6 - Phoenix 5 |
| TOP OF THE 9TH |
|
San Jose Missions batting - Pitching for Phoenix Giants : LHP Robert Blake
|
|
Batting: SHB Bip Roberts
|
0-0: Swinging Strike 0-1: Fly out, F7 (Flyball, 7LM, EV 88.8 MPH)
|
|
Batting: LHB Marvell Wynne
|
0-0: Ball 1-0: Swinging Strike 1-1: Ball 2-1: Ball 3-1: Ground out 4-3 (Groundball, 4, EV 98.1 MPH)
|
|
Batting: RHB Ozzie Virgil
|
0-0: Called Strike 0-1: Ball 1-1: Ball 2-1: Ball 3-1: Base on Balls
|
|
Batting: SHB David Piller
|
0-0: Swinging Strike 0-1: Ball 1-1: Swinging Strike 1-2: Foul Ball, location: 2F 1-2: Foul Ball, location: 2F 1-2: Fly out, F4 (Line Drive, 4, EV 68.8 MPH)
|
| Top of the 9th over - 0 runs, 0 hits, 0 errors, 1 left on base; San Jose 6 - Phoenix 5 |
| BOTTOM OF THE 9TH |
|
Phoenix Giants batting - Pitching for San Jose Missions : RHP Kenneth Palmer
|
|
Now at 2B: Paul Runge
|
|
|
Pinch Hitting: LHB Raymond Rivas
|
0-0: Called Strike 0-1: Ball 1-1: SINGLE (Line Drive, 78S, EV 101.3 MPH)
|
|
Batting: LHB Frank Gill
|
0-0: Bunt missed! 0-1: Bunt missed! 0-2: Ball 1-2: Ground out 5-3 (Groundball, 56, EV 85.6 MPH) Raymond Rivas to second
|
|
Batting: LHB Bobby V Mitchell
|
0-0: Ball 1-0: Fly out, F7 (Flyball, 7S, EV 88.8 MPH)
|
|
Batting: LHB Gordon Hahn
|
0-0: Ground out 4-3 (Groundball, 34, EV 89.4 MPH)
|
| Bottom of the 9th over - 0 runs, 1 hit, 0 errors, 1 left on base; San Jose 6 - Phoenix 5 |
|